 Dungeon Crawl Stone Soup version 0.29-a0-817-g9904bce7a6 (webtiles) character file.

Game seed: 2164064770493877490

1035 zishaf the Magician (level 8, -4/58 HPs)
             Began as a Djinni Venom Mage on July 5, 2022.
             Was a Follower of Makhleb.
             Slain by an ogre
             ... wielding a +0 giant club
              (25 damage)
             ... on level 5 of the Dungeon.
             The game lasted 00:08:46 (5688 turns).

zishaf the Magician (Djinni Venom Mage)             Turns: 5688, Time: 00:08:46

Health: -4/58      AC: 10    Str:  7    XL:     8   Next: 48%
Gold:   325        EV: 15    Int: 18    God:    Makhleb [*.....] SH:  0 Dex: 15

rFire   + + .      SeeInvis .   e - +3 dagger (drain)
rCold   . . .      Faith    .   (no shield)
rNeg    . . .      Spirit   .   z - +2 leather armour {rC+}
rPois   ∞          Reflect  .   s - +0 helmet
rElec   .          Harm     .   u - +0 cloak
rCorr   .          Rampage  .   m - +0 pair of gloves
Will    .....                   (boots unavailable)
Stlth   ++........              (no amulet)
HPRegen 0.19/turn               y - +4 ring of evasion
MPRegen 0.00/turn               (no ring)

@: flying
A: sickness immunity, fire resistance 2, cold vulnerability 1, float, innate
caster, HP casting, extra vitality 1, iridescent scales 1
a: Renounce Religion


You were on level 5 of the Dungeon.
You worshipped Makhleb.
Makhleb was aware of your devotion.
You visited 2 branches of the dungeon, and saw 6 of its levels.
You also visited: Sewer.

You collected 325 gold pieces.

Inventory:

Hand Weapons
 e - a +3 dagger of draining (weapon)
 r - a +1 vorpal falchion
Missiles
 b - a throwing net
Armour
 m - a +0 pair of gloves (worn)
 s - a +0 helmet (worn)
 u - a +0 cloak (worn)
 z - a +2 leather armour of cold resistance (worn)
Jewellery
 y - a +4 ring of evasion (left hand)
Wands
 k - a wand of roots (5)
 n - a wand of paralysis (5)
Scrolls
 a - a scroll of identify
 c - 2 scrolls of blinking
 d - a scroll of magic mapping
 f - a scroll of fear
 h - a scroll of poison
 j - a scroll of fog
 l - 3 scrolls of teleportation
 v - a scroll of summoning
Potions
 g - 2 potions of mutation
 i - a potion of lignification
 o - 3 potions of heal wounds
 p - a potion of curing {unknown}
 q - a potion of degeneration {unknown}
 t - a potion of might {unknown}
 w - 2 potions of attraction {unknown}
 x - a potion of haste {unknown}


   Skills:
 + Level 3.8 Fighting
 + Level 3.3 Short Blades
 - Level 2.1 Dodging
 - Level 1.5 Stealth
 * Level 5.1 Spellcasting
 + Level 3.0 Invocations
 + Level 2.4 Evocations


You had one spell level left.
You knew the following spells:

 Your Spells              Type           Power      Damage    Failure   Level
a - Sting                 Tmut/Pois      92%        1d7       2%          1
b - Poisonous Vapours     Pois/Air       46%        N/A       3%          2
c - Shock                 Conj/Air       92%        1d8       2%          1
d - Static Discharge      Conj/Air       23%        3-6/arc   3%          2
e - Lesser Beckoning      Tloc           23%        N/A       7%          3
z - Mephitic Cloud        Conj/Pois/Air  23%        N/A       7%          3
A - Olgreb's Toxic Radia  Pois           23%        N/A       24%         4
Your spell library was empty.

Dungeon Overview and Level Annotations

Branches:
Dungeon (5/15)             Temple (1/1) D:4           Sewer (visited)

Altars:
Ashenzari
Fedhas
Makhleb
Nemelex Xobeh
Qazlal
Ru
Trog
Uskayaw
Wu Jian
Xom
Yredelemnul
Zin
The Shining One

Shops:
D:3 [   D:5 =

Annotations:
D:5 2 runed translucent doors


Innate Abilities, Weirdness & Mutations

You are immune to sickness and miasma.
You are immune to poison.
Your flesh is very heat resistant. (rF++)
You are vulnerable to cold. (rC-)
You float through the air rather than walking.
You learn spells naturally, not from books.
Your magical power is your life essence.
You have superior vitality. (+4 MHP)
You are partially covered in iridescent scales. (AC +2)


Message History

You feel resistant to cold.
You drop a +0 robe.
There is an entrance to Ichoneb's Jewellery Emporium here.
You can access your shopping list by pressing '$'.
a - a scroll of identify
There is an open gate here.
You see here a +0 club.
You reach down and open the door.
A troll, an ogre and 2 adders come into view.
The troll shouts!
The adder hisses angrily.
Found the ring of the Tortoise {AC+8}.
You hit the ogre.
The ogre is lightly wounded.
The ogre hits you with a +0 giant club!!
You hit the ogre.
The ogre is moderately wounded.
The ogre hits you with a +0 giant club!
* * * LOW HITPOINT WARNING * * *
Aiming: Fastroot
Press: ? - help, Shift-Dir - straight line, f - ogre
Aim: an ogre, wielding a +0 giant club (lightly wounded)
The roots erupt in riotous growth!
Roots grab the ogre.
Roots grab the adder. x2
The grasping roots constrict the adder.
The grasping roots constrict the ogre.
The grasping roots constrict the adder!
You hear a shout!
The ogre escapes!
The adder struggles to escape constriction.
The grasping roots constrict the adder!
You kill the adder!
Makhleb accepts your kill.
The grasping roots constrict the adder!
You kill the adder!
Makhleb accepts your kill. The ogre attacks as you move away!
The ogre barely misses you. The ogre attacks as you move away!
The ogre misses you.
The orc shouts!
You hear a shout! x2
The ogre attacks as you move away!
The ogre hits you with a +0 giant club!!
You die...

..............................###
.................................
..........####.#.#.......o######.
..........# #....#............##.
..........###......<..........##.
..........+.#...###...........##.
.)........#.#...# #...........###
###)......#.#...###.......#####
................@..o.o....#
....######......O....o....# ....#
#................# ...)#
#................# ....##
#.......T........# #....###
#########........# # #......#
#...###### # #......# #...#
######## #......# #...# #.......


You could see a troll, an ogre and 3 orcs.

Vanquished Creatures
  Eustachio (D:5)
  Pargi (Sewer)
  A centaur (D:5)
  A phantom (D:5)
  A necrophage (D:4)
  A scorpion (D:5)
  A howler monkey (D:5)
  A hound (D:5)
  Crazy Yiuf (D:4)
  2 iguanas (D:5)
  4 orc wizards
  Robin (D:2)
  18 adders
  5 worms (D:4)
  3 dart slugs
  10 orcs
  6 ball pythons
  6 bats
  4 endoplasms
  3 giant cockroaches
  11 hobgoblins
  4 quokkas
  2 frilled lizards (D:2)
  10 goblins
  12 kobolds
  5 rats
115 creatures vanquished.

Vanquished Creatures (others)
  A fungus (D:4)
1 creature vanquished.

Grand Total: 116 creatures vanquished

Notes
Turn   | Place    | Note
-------+----------+-------------------------------------------
     0 | D:1      | zishaf the Djinni Venom Mage began the quest for the Orb.
     0 | D:1      | zishaf set off with the following spells memorised: Sting,
                  | Poisonous Vapours, Mephitic Cloud, Olgreb's Toxic Radiance.
     0 | D:1      | Reached XP level 1. HP: 15/15 MP: 0/0
   491 | D:1      | Reached XP level 2. HP: 19/22 MP: 0/0
   729 | D:1      | Reached skill level 1 in Fighting
   890 | D:1      | Found a faded altar of an unknown god.
   945 | D:1      | Reached XP level 3. HP: 22/27 MP: 0/0
   945 | D:1      | Learned a level 1 spell: Shock
  1208 | D:2      | Reached skill level 3 in Spellcasting
  1360 | D:2      | You are sucked into a shaft and drop 1 floor!
  1366 | D:3      | Found a hide-covered altar of Uskayaw.
  1370 | D:3      | Found a glowing golden altar of the Shining One.
  1377 | D:3      | Found a basalt altar of Yredelemnul.
  1764 | D:2      | Reached skill level 1 in Short Blades
  1792 | D:2      | Reached XP level 4. HP: 32/32 MP: 0/0
  1961 | D:2      | Noticed Robin
  2338 | D:2      | Killed Robin
  2903 | D:3      | Reached XP level 5. HP: 38/38 MP: 0/0
  2903 | D:3      | Learned a level 2 spell: Static Discharge
  2941 | D:3      | Found Obboga's Armour Shoppe.
  3292 | D:4      | Gained mutation: Potions are less effective at restoring
                  | your health. [potion of mutation]
  3293 | D:4      | Lost mutation: Potions are less effective at restoring your
                  | health. [potion of mutation]
  3293 | D:4      | Gained mutation: You are partially covered in iridescent
                  | scales. (AC +2) [potion of mutation]
  3335 | D:4      | Found a staircase to the Ecumenical Temple.
  3344 | Temple   | Entered the Ecumenical Temple
  3376 | Temple   | Became a worshipper of Makhleb the Destroyer
  3493 | D:4      | Found a glowing drain.
  3500 | Sewer    | Entered a sewer
  3602 | Sewer    | Noticed Pargi
  3613 | Sewer    | Killed Pargi
  3614 | Sewer    | Reached skill level 4 in Spellcasting
  3614 | Sewer    | Reached skill level 1 in Invocations
  3614 | Sewer    | Reached XP level 6. HP: 29/45 MP: 0/0
  3826 | D:4      | Found a stormy altar of Qazlal.
  3912 | D:4      | Reached XP level 7. HP: 38/49 MP: 0/0
  3912 | D:4      | Learned a level 3 spell: Lesser Beckoning
  3973 | D:4      | Paralysed by an orc wizard for 5 turns
  4004 | D:4      | Reached * piety under Makhleb
  4094 | D:4      | Reached skill level 1 in Evocations
  4407 | D:4      | Found a runed translucent door.
  4408 | D:4      | Noticed Crazy Yiuf
  4419 | D:4      | Killed Crazy Yiuf
  4517 | D:5      | Entered Level 5 of the Dungeon
  4840 | D:5      | Found a large runed translucent door.
  4841 | D:5      | Found a large runed translucent door.
  4958 | D:5      | Reached XP level 8. HP: 26/56 MP: 0/0
  5240 | D:5      | Found Ichoneb's Jewellery Emporium.
  5240 | D:5      | Noticed Eustachio
  5500 | D:5      | Killed Eustachio
  5501 | D:5      | Reached skill level 5 in Spellcasting
  5657 | D:5      | Found the ring of the Tortoise {AC+8}
  5657 | D:5      | Noticed a troll
  5688 | D:5      | Slain by an ogre

Illustrated notes

Levels and vault maps discovered:
D:1:      amcnicky_arrival_flooded_fountain, layout_basic,
          hellmonk_ecumenical_altar_prayer_group
D:2:      layout_rooms, basic_altar, uniq_robin
D:3:      layout_basic, grunt_temple_overflow_open, serial_shops, shop,
          minmay_crystal_water
D:4:      layout_rooms, mainiacjoe_overflow_six_doors_small, temple_pool_b,
          lightli_sewer_entry_pipes, grunt_ministairs_6, uniq_crazy_yiuf_cottage
D:5:      cheibrodos_barr_body, layout_basic, jmf_multi_god_temple2, hex_large,
          kennysheep_windowed_goal, uniq_eustachio
Temple:   nicolae_temple_cloud_nine

Skill      XL: |  1  2  3  4  5  6  7  8 |
---------------+-------------------------+-----
Fighting       | 1 2 3 |  3.8
Spellcasting   | 3 4 5 |  5.1
Short Blades   | 1 2 3 |  3.3
Invocations    | 1 2 3 |  3.0
Evocations     | 2 |  2.4
Dodging        | |  2.1
Stealth        | |  1.5

Action                   |  1- 3 |  4- 6 |  7- 9 || total
-------------------------+-------+-------+-------++-------
Melee: Dagger            |    59 |   181 |   139 ||   379
       Punch             |       |       |     2 ||     2
 Cast: Sting             |    15 |       |       ||    15
       Mephitic Cloud    |       |       |     1 ||     1
       Static Discharge  |       |       |     1 ||     1
Evoke: Wand              |       |       |     1 ||     1
  Use: Scroll            |       |    10 |     2 ||    12
       Potion            |       |     2 |       ||     2
 Stab: Sleeping          |     2 |     7 |     1 ||    10
Armor: Robe              |    11 |    47 |    47 ||   105
Dodge: Dodged            |    35 |   103 |   116 ||   254

Table legend: (Time is in decaauts)
 A = Elapsed time spent in this place.
 B = Non-inter-level travel time spent in this place.
 C = Inter-level travel time spent in this place.
 D = Time resting spent in this place.
 E = Time spent auto-exploring this place.
 F = Levels seen in this place.
 G = Mean time per level.
                   A        B        C        D        E       F      G
               +--------+--------+--------+--------+--------+-----+--------+
         Total |   5651 |   5516 |    135 |    244 |   4244 |   7 |  807.3 |
       Dungeon |   5352 |   5217 |    135 |    244 |   4023 |   5 | 1070.4 |
        Temple |     39 |     39 |      0 |      0 |      0 |   1 |   39.0 |
         Sewer |    259 |    259 |      0 |      0 |    221 |   1 |  259.0 |
               +--------+--------+--------+--------+--------+-----+--------+

Top non-repeatable levels by time:
     D:1: 1456 daAuts
     D:5: 1155 daAuts
     D:3: 944 daAuts
     D:4: 925 daAuts
     D:2: 870 daAuts
   Sewer: 259 daAuts
  Temple: 39 daAuts
